 Dungeon Crawl Stone Soup version 0.22.1-1-ga44c0e56f4 (webtiles) character file.

2954 Jynx the Transmogrifier (level 9, -6/53 HPs)
             Began as an Octopode Transmuter on Nov 1, 2018.
             Was a Follower of Ashenzari.
             Mangled by a crocodile (15 damage)
             ... on level 7 of the Dungeon.
             The game lasted 00:17:05 (8877 turns).

Jynx the Transmogrifier (Octopode Transmuter)       Turns: 8877, Time: 00:17:06

Health: -6/53      AC:  1    Str:  9    XL:     9   Next: 81%
Magic:  11/16      EV: 14    Int: 16    God:    Ashenzari [*.....]
Gold:   413        SH:  0    Dex: 15    Spells: 2/17 levels left

rFire    . . .     SeeInvis .     - Unarmed
rCold    . . .     Gourm    .   (shield currently unavailable)
rNeg     . . .     Faith    .   (helmet restricted)
rPois    .         Spirit   .   (no amulet)
rElec    .         Reflect  .   o - +2 ring of slaying
rCorr    .         Harm     .   (no ring)
MR       .....                  (no ring)
Stlth    ++........             (no ring)
HPRegen  0.17/turn              (no ring)
MPRegen  0.15/turn              (no ring)
                                (no ring)
                                (no ring)

@: blade tentacles
A: almost no armour, stealthy swim, amphibious, 8 rings, constrict 8, camouflage
1, gelatinous body 1
a: End Transformation, Curse Item, Scrying, Renounce Religion


You were on level 7 of the Dungeon.
You worshipped Ashenzari.
Ashenzari was aware of your devotion.
You were not hungry.
You had blades for tentacles.
You visited 2 branches of the dungeon, and saw 8 of its levels.

You collected 413 gold pieces.

Inventory:

Missiles
 a - 122 arrows
Jewellery
 o - a +2 ring of slaying (left scythe-like blade)
Wands
 n - a wand of polymorph (17)
 u - a wand of flame (23)
 y - a wand of random effects (39)
Scrolls
 e - 2 scrolls of amnesia
 f - 10 scrolls of identify
 j - 3 scrolls of enchant weapon {unknown}
 l - 6 scrolls of teleportation {unknown}
 m - 6 scrolls of remove curse
 q - a scroll of fear {unknown}
 r - a scroll of immolation {unknown}
 s - a scroll of magic mapping {unknown}
 t - a scroll of noise {unknown}
 w - a scroll of enchant armour {unknown}
Potions
 b - 2 potions of might {unknown}
 d - 2 potions of degeneration {unknown}
 g - a potion of resistance {unknown}
 h - 2 potions of mutation {unknown}
 i - 3 potions of curing
 k - 3 potions of haste {unknown}
 p - 3 potions of agility {unknown}
 v - 2 potions of flight {unknown}
 x - 3 potions of ambrosia {unknown}
Comestibles
 c - 10 rations


   Skills:
 - Level 1.0 Fighting
 - Level 3.0 Dodging
 - Level 3.0 Unarmed Combat
 - Level 4.9 Spellcasting
 * Level 12.0 Transmutations


You had 2 spell levels left.
You knew the following spells:

 Your Spells              Type           Power        Failure   Level  Hunger
a - Beastly Appendage     Tmut           #####.       7%          1    None
b - Sticks to Snakes      Tmut           #####...     9%          2    ##.....
c - Spider Form           Tmut/Pois      ###.......   30%         3    ###....
d - Blade Hands           Tmut           #####.....   26%         5    ######.
e - Ice Form              Ice/Tmut       ###.....     52%         4    ####...

Your spell library contained the following spells:

 Spells                   Type           Power        Failure   Level  Hunger
 Corona                   Hex            #......      56%         1    None
 Slow                     Hex            #.......     67%         2    ##.....
 Inner Flame              Hex/Fire       #.......     83%         3    ###....
 Portal Projectile        Hex/Tloc       #.....       83%         3    ###....
 Cause Fear               Hex            #.........   98%         4    ####...
 Leda's Liquefaction      Hex/Erth       #.........   98%         4    ####...


Dungeon Overview and Level Annotations

Branches:
Dungeon (7/15)             Temple (1/1) D:4

Altars:
Ashenzari
Cheibriados
Dithmenos
Elyvilon
Fedhas
Gozag
Hepliaklqana
Kikubaaqudgha
Makhleb
Nemelex Xobeh
Okawaru
Qazlal
Ru
Vehumet
Wu Jian
Yredelemnul
Zin
The Shining One

Annotations:
D:4 exclusion: statue


Innate Abilities, Weirdness & Mutations

You cannot wear most types of armour.
You are very stealthy in the water. (Stealth+)
You are amphibious.
You can wear up to eight rings at the same time.
You can use your tentacles to constrict eight enemies at once.
Your skin changes colour to match your surroundings (Stealth+).
Your rubbery body absorbs attacks. (AC +1, EV +1)


Message History

The shadow imp sputters.
The shadow imp gestures at you. Pain shoots through your body!
Okay, then.
Evoke which item? (* to show all) (? for menu, Esc to quit)
Aiming: Polymorph
Press: ? - help, Shift-Dir - straight line, f - orc warrior
Aim: an orc warrior, wielding a glaive and wearing a plate armour (chance to The orc warrior evaporates and reforms as a crocodile!
The shadow imp gestures at you. Pain shoots through your body!
* * * LOW HITPOINT WARNING * * *
The shadow imp gestures at you.
You struggle to resist.
Okay, then.
Casting: Spider Form (safe; 4% risk of failure)
Confirm with . or Enter, or press ? or * to list all spells.
Your tentacles turn into razor-sharp scythe blades.
The crocodile bites you!
You die...

###############.#####.#.##.#
#.# #.....#.#.##.# #.#
#####.#.#.##.# #.#
##.#(#.##.# #.#
##....#.##.###.#
##..............#
#........###.#### #......###
#.# #@#...## #.# #t##.## #.#
#5...#######.#
#..###.......# ## #..#
#.####### .. #..# #.#
#.######..###.#
#.#...)..._..>#
#.#.####..#####


You could see a crocodile and a shadow imp.

Vanquished Creatures
  Joseph (D:7)
  Sigmund (D:4)
  A hungry ghost (D:7)
  Duvessa (D:7)
  An ice beast (D:5)
  A phantom (D:7)
  2 necrophages
  An ogre (D:5)
  3 centaurs (D:7)
  3 bullfrogs
  Dowan (D:7)
  2 crimson imps
  3 hounds
  4 bullfrog zombies
  Crazy Yiuf (D:4)
  2 orc priests (D:5)
  3 jellies
  5 iguanas
  7 orc wizards
  6 worker ants
  A hound zombie (D:6)
  2 hound skeletons
  A howler monkey skeleton (D:4)
  11 adders
  8 gnolls
  A shadow imp (D:5)
  2 oozes
  An adder skeleton (D:7)
  A worm (D:4)
  6 dart slugs
  7 leopard geckos
  26 orcs
  7 giant cockroaches
  5 hobgoblins
  10 jackals
  15 kobolds
  A quokka (D:5)
  4 ball pythons
  11 bats
  8 frilled lizards
  6 goblins
  A leopard gecko skeleton (D:5)
  6 rats
190 creatures vanquished.

Notes
Turn   | Place    | Note
-------+----------+-------------------------------------------
     0 | D:1      | Jynx the Octopode Transmuter began the quest for the Orb.
     0 | D:1      | Reached XP level 1. HP: 13/13 MP: 3/3
    68 | D:1      | Reached XP level 2. HP: 10/18 MP: 3/5
   625 | D:1      | Reached XP level 3. HP: 15/23 MP: 3/6
   738 | D:1      | Learned a level 2 spell: Sticks to Snakes
   742 | D:1      | Learned a level 3 spell: Spider Form
  1117 | D:2      | Reached skill level 3 in Transmutations
  1440 | D:2      | Reached XP level 4. HP: 17/28 MP: 5/7
  2064 | D:2      | Found an iron altar of Okawaru.
  2152 | D:2      | Found a faded altar of an unknown god.
  2179 | D:2      | Reached XP level 5. HP: 27/33 MP: 9/9
  2398 | D:3      | Reached skill level 4 in Transmutations
  2839 | D:3      | Reached XP level 6. HP: 32/38 MP: 4/10
  3327 | D:4      | Reached skill level 5 in Transmutations
  3541 | D:4      | Found a radiant altar of Vehumet.
  3590 | D:4      | Learned a level 5 spell: Blade Hands
  3887 | D:4      | Noticed Sigmund
  3896 | D:4      | Killed Sigmund
  3896 | D:4      | Reached skill level 6 in Transmutations
  3896 | D:4      | Reached XP level 7. HP: 42/43 MP: 9/13
  4201 | D:4      | Found a runed door.
  4252 | D:4      | Found a staircase to the Ecumenical Temple.
  4264 | Temple   | Entered the Ecumenical Temple
  4314 | Temple   | Became a worshipper of Ashenzari the Shackled
  4570 | D:4      | Noticed Crazy Yiuf
  4576 | D:4      | Killed Crazy Yiuf
  4734 | D:5      | Entered Level 5 of the Dungeon
  4876 | D:5      | Reached skill level 7 in Transmutations
  5154 | D:5      | Reached XP level 8. HP: 21/48 MP: 12/15
  5423 | D:5      | Learned a level 4 spell: Ice Form
  5661 | D:5      | Reached skill level 8 in Transmutations
  5786 | D:5      | Found a basalt altar of Yredelemnul.
  6060 | D:5      | Found a shadowy altar of Dithmenos.
  6348 | D:6      | Reached skill level 9 in Transmutations
  6965 | D:6      | Reached XP level 9. HP: 49/53 MP: 16/16
  6986 | D:6      | Found a burning altar of Makhleb.
  7046 | D:6      | Reached skill level 10 in Transmutations
  7063 | D:6      | Found a burning altar of Makhleb.
  7531 | D:7      | Noticed Duvessa
  7670 | D:7      | Reached * piety under Ashenzari
  7817 | D:7      | Noticed Dowan
  7820 | D:7      | Killed Duvessa
  7823 | D:7      | Killed Dowan
  7969 | D:7      | Reached skill level 11 in Transmutations
  8037 | D:7      | Noticed Joseph
  8047 | D:7      | Killed Joseph
  8273 | D:7      | Found a glowing golden altar of the Shining One.
  8810 | D:7      | Reached skill level 12 in Transmutations
  8877 | D:7      | Mangled by a crocodile

Skill      XL: |  1  2  3  4  5  6  7  8  9 |
---------------+----------------------------+-----
Transmutations | 3 4 6 7 9 12 | 12.0
Dodging        | 3 |  3.0
Spellcasting   | 3 4 |  4.9
Fighting       | |  1.0
Unarmed Combat | |  3.0

Action                   |  1- 3 |  4- 6 |  7- 9 || total
-------------------------+-------+-------+-------++-------
Melee: Unarmed           |    83 |   150 |   279 ||   512
       Constrict         |    27 |    31 |    37 ||    95
       Tentacles         |    11 |    25 |    33 ||    69
       Kick              |    15 |    16 |    36 ||    67
       Punch             |     2 |     4 |     7 ||    13
 Cast: Beastly Appendage |    15 |    24 |    19 ||    58
       Spider Form       |       |     6 |    16 ||    22
       Blade Hands       |       |       |    12 ||    12
Evoke: Wand              |       |       |     1 ||     1
  Use: Scroll            |     1 |     1 |       ||     2
 Stab: Sleeping          |     5 |     3 |     9 ||    17
  Eat: Chunk             |     2 |     8 |    19 ||    29
       Ration            |       |       |     1 ||     1
Armor: Skin              |    11 |     9 |     9 ||    29
Dodge: Dodged            |    69 |   107 |   187 ||   363
